 Dungeon Crawl Stone Soup version 0.27-a0-385-g3208abaabc (webtiles) character file.

Game seed: 7093351256668678115

2311 ReteAZ the Ruffian (level 9, -2/102 HPs)
             Began as a Gnoll Wanderer on Feb 18, 2021.
             Was a Believer of Lugonu.
             Slain by a killer bee (5 damage)
             ... on level 7 of the Dungeon.
             The game lasted 00:10:07 (8383 turns).

ReteAZ the Ruffian (Gnoll Wanderer)                 Turns: 8383, Time: 00:10:07

Health: -2/102     AC: 24    Str: 11    XL:     9   Next: 41%
Magic:  15/15      EV:  2    Int: 17    God:    Lugonu [**....]
Gold:   372        SH:  0    Dex: 10    Spells: 16/16 levels left

rFire    + . .     SeeInvis .   s - +8 hand axe (freeze)
rCold    . . .     Faith    .   (no shield)
rNeg     + + +     Spirit   .   (armour currently unavailable)
rPois    +         Reflect  .   (helmet currently unavailable)
rElec    .         Harm     .   (cloak currently unavailable)
rCorr    .         Rampage  .   (gloves currently unavailable)
Will     .....     NoTele   +   (boots currently unavailable)
Stlth    +++.......             (no amulet)
HPRegen  0.27/turn              t - ring of protection from fire
MPRegen  0.14/turn              (no ring)

@: lethally poisoned (-2 -> -12), tree-form
A: distributed training, strong nose
a: Renounce Religion, Depart the Abyss, Bend Space


You were on level 7 of the Dungeon.
You worshipped Lugonu.
Lugonu was pleased with you.
You were a tree.
You visited 2 branches of the dungeon, and saw 8 of its levels.

You collected 372 gold pieces.

Inventory:

Hand Weapons
 a - a +0 club
 d - a +0 dagger
 r - a +0 rapier
 s - a +8 hand axe of freezing (weapon)
 B - a +2 dagger of chaos
 H - a +2 vorpal hand axe
Missiles
 p - 12 poisoned darts (quivered)
Armour
 c - a +2 leather armour (melded)
 q - a +0 helmet (melded)
 G - a +0 plate armour
Jewellery
 t - a ring of protection from fire (left branch)
Wands
 u - a wand of digging (1)
 E - a wand of acid (2)
Scrolls
 e - 4 scrolls of amnesia {unknown}
 f - a scroll of enchant armour {unknown}
 g - a scroll of noise {unknown}
 h - 8 scrolls of identify {unknown}
 l - 4 scrolls of magic mapping {unknown}
 w - 2 scrolls of teleportation {unknown}
 y - a scroll of fear {unknown}
 D - a scroll of blinking {unknown}
Potions
 b - a potion of lignification
 i - 2 potions of brilliance {unknown}
 j - 4 potions of flight {unknown}
 k - 2 potions of invisibility
 m - a potion of cancellation {unknown}
 n - 3 potions of attraction {unknown}
 o - 2 potions of degeneration {unknown}
 v - a potion of resistance {unknown}
 x - a potion of haste {unknown}
 z - a potion of berserk rage {unknown}
 A - a potion of magic {unknown}
 C - a potion of mutation {unknown}


   Skills:
 + Level 5.0 Fighting
 + Level 4.2 Short Blades
 + Level 4.2 Long Blades
 + Level 4.2 Axes
 + Level 4.2 Maces & Flails
 + Level 4.2 Polearms
 + Level 4.2 Staves
 + Level 4.2 Slings
 + Level 5.0 Bows
 + Level 4.2 Crossbows
 + Level 4.2 Throwing
 + Level 5.0 Armour
 + Level 5.0 Dodging
 + Level 7.4 Stealth
 + Level 4.2 Shields
 + Level 7.9 Unarmed Combat
 + Level 4.2 Spellcasting
 + Level 3.4 Conjurations
 + Level 3.4 Hexes
 + Level 3.4 Summonings
 + Level 3.4 Necromancy
 + Level 3.4 Translocations
 + Level 3.4 Transmutations
 + Level 3.4 Fire Magic
 + Level 3.4 Ice Magic
 + Level 3.4 Air Magic
 + Level 3.4 Earth Magic
 + Level 3.4 Poison Magic
 + Level 4.6 Invocations
 + Level 4.2 Evocations


You had 16 spell levels left.
You didn't know any spells.
Your spell library contained the following spells:

 Spells                   Type           Power        Failure   Level
 Animate Skeleton         Necr           30%          3%          1
 Apportation              Tloc           30%          3%          1
 Magic Dart               Conj           60%          3%          1
 Corpse Rot               Necr/Air       N/A          5%          2
 Searing Ray              Conj           30%          5%          2
 Dazzling Flash           Conj/Hex       30%          11%         3
 Fulminant Prism          Conj/Hex       7%           36%         4
 Iskenderun's Mystic Bla  Conj/Tloc      15%          36%         4
 Agony                    Necr           15%          71%         5
 Excruciating Wounds      Necr           7%           71%         5
 Dispersal                Tloc           7%           99%         6


Dungeon Overview and Level Annotations

Branches:
Dungeon (7/15)             Temple (1/1) D:4

Altars:
Ashenzari
Cheibriados
Dithmenos
Elyvilon
Gozag
Hepliaklqana
Makhleb
Nemelex Xobeh
Okawaru
Qazlal
Trog
Uskayaw
Wu Jian
Xom
Yredelemnul
Zin
The Shining One
Lugonu

Annotations:
D:5 1 runed translucent door, confidenceinterval's ghost, novice GnWn


Innate Abilities, Weirdness & Mutations

Your experience applies equally to all skills.
((You have very sharp teeth.))
Your uncanny sense of smell can sniff out nearby items.


Message History

The killer bee is almost dead.
The bolt of acid hits the ogre!!
The ogre is splashed with acid.
The ogre is almost dead.
You feel sick. The killer bee stings you.
* * * LOW HITPOINT WARNING * * *
The killer bee stings you!
* * * LOW HITPOINT WARNING * * *
The killer bee stings you but does no damage.
The killer bee barely misses you. The killer bee misses you.
The killer bee stings you but does no damage.
Aiming: Corrosive Bolt
Press: ? - help, Shift-Dir - straight line, f/p - ogre
Aim: an ogre, wielding a +0 giant club (almost dead, 12% to evade)
The bolt of acid hits the killer bee!!
The killer bee is splashed with acid!
The killer bee seems to be corroded for longer.
You kill the killer bee!
Lugonu accepts your kill.
The bolt of acid hits the ogre!
The ogre is splashed with acid.
The acid corrodes the ogre!
You kill the ogre!
Lugonu accepts your kill.
You feel sick. The killer bee stings you.
* * * LOW HITPOINT WARNING * * *
You are more poisoned.
The killer bee poisons you! The killer bee stings you.
* * * LOW HITPOINT WARNING * * *
The killer bee closely misses you. The killer bee completely misses you.
The killer bee closely misses you.
Your Fighting skill increases to level 5!
Your Bows skill increases to level 5!
Your Armour skill increases to level 5!
Your Dodging skill increases to level 5!
Really quaff the potion of lignification?
You turn into a tree.
Your +0 helmet melds into your body.
Your +2 leather armour melds into your body.
Your roots penetrate the ground.
* * * LOW HITPOINT WARNING * * *
You feel sick.
The killer bee stings you but does no damage. x4
The killer bee stings you.
You die...

#.. #.# ##...## ##...##
#.###.# ##.....## ##.##
#.#.#.# ##.......## ##..#
####.....###.........####...##
...........+.......†.'.......#
#####...####.........####...##
#..## ##(......## ##..# #.##
##.....## ##.# #.# ##y♣y##
#..# #.# ##y## #.# #.# ..) .#
#.# ##.#. .# ... #.#.# ... .
... ## ...


You could see 3 killer bees.

Vanquished Creatures
  Grinder (D:3)
  An orc warrior (D:6)
  A sky beast (D:6)
  A black bear (D:7)
  3 centaurs
  4 ogres
  A phantom (D:4)
  A bullfrog (D:6)
  2 killer bees (D:7)
  A howler monkey (D:5)
  A crimson imp (D:5)
  2 bullfrog zombies (D:5)
  2 hounds
  6 orc priests
  2 bullfrog skeletons (D:5)
  Natasha (thrice) (D:2)
  Terence (D:3)
  An iguana (D:6)
  4 orc wizards
  4 worker ants
  2 hound skeletons
  Robin (D:3)
  3 gnolls (D:2)
  7 adders
  A shadow imp (D:6)
  An ufetubus (D:6)
  An adder zombie (D:6)
  2 adder skeletons
  2 worms (D:2)
  A dart slug (D:2)
  4 leopard geckos
  25 orcs
  9 giant cockroaches
  10 goblins (D:2)
  10 hobgoblins
  6 jackals
  2 quokkas
  A ball python (D:4)
  A ball python skeleton (D:4)
  4 bats
  3 frilled lizards
  10 kobolds
  A leopard gecko skeleton (D:6)
  A quokka skeleton (D:6)
  9 rats
159 creatures vanquished.

Notes
Turn   | Place    | Note
-------+----------+-------------------------------------------
     0 | D:1      | ReteAZ the Gnoll Wanderer began the quest for the Orb.
     0 | D:1      | ReteAZ set off with the following items: a +0 club, 2
                  | potions of lignification, a +2 leather armour, a +0 dagger
     0 | D:1      | Reached XP level 1. HP: 17/17 MP: 1/1
   294 | D:1      | Reached XP level 2. HP: 23/23 MP: 2/2
  1042 | D:2      | Noticed Natasha
  1046 | D:2      | Reached XP level 3. HP: 25/28 MP: 3/3
  1286 | D:2      | Reached skill level 1 in Invocations
  1443 | D:2      | Killed Natasha
  1444 | D:2      | Reached skill level 1 in Short Blades
  1444 | D:2      | Reached skill level 1 in Long Blades
  1444 | D:2      | Reached skill level 1 in Axes
  1444 | D:2      | Reached skill level 1 in Maces & Flails
  1444 | D:2      | Reached skill level 1 in Polearms
  1444 | D:2      | Reached skill level 1 in Staves
  1444 | D:2      | Reached skill level 1 in Slings
  1444 | D:2      | Reached skill level 1 in Crossbows
  1444 | D:2      | Reached skill level 1 in Throwing
  1444 | D:2      | Reached skill level 1 in Shields
  1444 | D:2      | Reached skill level 1 in Spellcasting
  1444 | D:2      | Reached skill level 1 in Evocations
  1444 | D:2      | Reached XP level 4. HP: 34/34 MP: 5/5
  1486 | D:2      | Noticed Natasha
  1508 | D:2      | Killed Natasha
  1509 | D:2      | Reached skill level 1 in Conjurations
  1509 | D:2      | Reached skill level 1 in Hexes
  1509 | D:2      | Reached skill level 1 in Summonings
  1509 | D:2      | Reached skill level 1 in Necromancy
  1509 | D:2      | Reached skill level 1 in Translocations
  1509 | D:2      | Reached skill level 1 in Transmutations
  1509 | D:2      | Reached skill level 1 in Fire Magic
  1509 | D:2      | Reached skill level 1 in Ice Magic
  1509 | D:2      | Reached skill level 1 in Air Magic
  1509 | D:2      | Reached skill level 1 in Earth Magic
  1509 | D:2      | Reached skill level 1 in Poison Magic
  1552 | D:2      | Noticed Natasha
  1559 | D:2      | Killed Natasha
  1560 | D:2      | Reached XP level 5. HP: 32/40 MP: 6/6
  2126 | D:2      | Reached XP level 6. HP: 29/47 MP: 8/8
  2709 | D:3      | Noticed Grinder
  2739 | D:3      | Noticed Robin
  2957 | D:3      | Killed Robin
  3098 | D:3      | Noticed Terence
  3120 | D:3      | Killed Terence
  3384 | D:3      | Paralysed by Grinder for 7 turns
  3394 | D:3      | Killed Grinder
  3395 | D:3      | Reached XP level 7. HP: 3/52 MP: 10/10
  4217 | D:4      | Found a staircase to the Ecumenical Temple.
  4246 | Temple   | Entered the Ecumenical Temple
  4312 | Temple   | Became a worshipper of Lugonu the Unformed
  4312 | Temple   | Reached * piety under Lugonu
  4484 | D:4      | Found an opulent altar of Gozag.
  4553 | D:4      | Found a stormy altar of Qazlal.
  4744 | D:4      | Reached XP level 8. HP: 51/60 MP: 12/12
  5079 | D:4      | Found a glowing golden altar of the Shining One.
  5134 | D:4      | Found a glowing silver altar of Zin.
  5467 | D:5      | Entered Level 5 of the Dungeon
  5496 | D:5      | Found a shimmering altar of Xom.
  5497 | D:5      | Found a burning altar of Makhleb.
  5636 | D:5      | Noticed confidenceinterval's ghost (novice GnWn)
  5637 | D:5      | Found a runed translucent door.
  5706 | D:5      | Found a basalt altar of Yredelemnul.
  6158 | D:5      | Found a hide-covered altar of Uskayaw.
  6664 | D:6      | Found a glowing golden altar of the Shining One.
  6882 | D:6      | Reached ** piety under Lugonu
  7187 | D:6      | Found an iron altar of Okawaru.
  7253 | D:6      | Reached XP level 9. HP: 62/66 MP: 14/14
  7597 | D:6      | Found a bloodstained altar of Trog.
  7914 | D:7      | Found a shadowy altar of Dithmenos.
  7929 | D:7      | Identified Vulunt's Incunabulum of Evil Displacement
  8382 | D:7      | HP: 3/67 [killer bee (5)]
  8383 | D:7      | Reached skill level 5 in Fighting
  8383 | D:7      | Reached skill level 5 in Bows
  8383 | D:7      | Reached skill level 5 in Armour
  8383 | D:7      | Reached skill level 5 in Dodging
  8383 | D:7      | Slain by a killer bee

Illustrated notes

Levels and vault maps discovered:
D:1:      dpeg_arrival_castle, layout_loops_ring, grunt_decor_mini_mirrors,
          hangedman_abyss_or_decor_stabs, minmay_tall_x
D:2:      cheibrodos_pilgrimage, layout_rooms, serial_glass, glass_columns_b,
          glass_columns_a, glass_columns_a, glass_columns_b, glass_columns_b,
          glass_columns_b, glass_columns_a, glass_columns_a, glass_columns_b,
          glass_columns_a, feat_on_display, minmay_strange_pillars, uniq_natasha
D:3:      layout_basic, uniq_grinder, uniq_robin, uniq_terence
D:4:      layout_layer_cave, pdpol_temple_overflow_zin_treasury_gozag_greed,
          kennysheep_mini_moat, nicolae_qazlal_general_emergency,
          minmay_temple_entry_mist
D:5:      layout_loops_cross, grunt_temple_overflow_champion_of_chaos,
          yredelemnul_altar_generic, lemuel_round_altar,
          hellmonk_ghost_happy_afterlife
D:6:      layout_basic, kennysheep_mini, nicolae_overflow_crystal_walls,
          tso_altar
D:7:      layout_loops_corners, nicolae_overflow_hidden_temple,
          old_standard_altar, general_overflow_altar, vehumet_statue
Temple:   corrupted_temple

Skill      XL: |  1  2  3  4  5  6  7  8  9 |
---------------+----------------------------+-----
Stealth        | 6 7 |  7.4
Invocations    | 1 2 3 4 |  4.6
Short Blades   | 1 2 3 4 |  4.2
Long Blades    | 1 2 3 4 |  4.2
Axes           | 1 2 3 4 |  4.2
Maces & Flails | 1 2 3 4 |  4.2
Polearms       | 1 2 3 4 |  4.2
Staves         | 1 2 3 4 |  4.2
Slings         | 1 2 3 4 |  4.2
Crossbows      | 1 2 3 4 |  4.2
Throwing       | 1 2 3 4 |  4.2
Shields        | 1 2 3 4 |  4.2
Spellcasting   | 1 2 3 4 |  4.2
Evocations     | 1 2 3 4 |  4.2
Conjurations   | 1 2 3 |  3.4
Hexes          | 1 2 3 |  3.4
Summonings     | 1 2 3 |  3.4
Necromancy     | 1 2 3 |  3.4
Translocations | 1 2 3 |  3.4
Transmutations | 1 2 3 |  3.4
Fire Magic     | 1 2 3 |  3.4
Ice Magic      | 1 2 3 |  3.4
Air Magic      | 1 2 3 |  3.4
Earth Magic    | 1 2 3 |  3.4
Poison Magic   | 1 2 3 |  3.4
Fighting       | 3 4 5 |  5.0
Bows           | 3 4 5 |  5.0
Armour         | 3 4 5 |  5.0
Dodging        | 3 4 5 |  5.0
Unarmed Combat | 7 |  7.9

Action                   |  1- 3 |  4- 6 |  7- 9 || total
-------------------------+-------+-------+-------++-------
Melee: Unarmed           |    84 |   137 |       ||   221
       Bite              |     3 |    11 |    13 ||    27
       Punch             |     1 |     3 |    12 ||    16
       Hand axe          |       |    12 |   211 ||   223
Throw: Dart              |    12 |    35 |    16 ||    63
Evoke: Wand              |       |       |     2 ||     2
  Use: Potion            |       |     1 |     2 ||     3
 Stab: Sleeping          |     3 |       |    10 ||    13
       Distracted        |       |       |     2 ||     2
Armor: Leather armour    |    26 |    34 |    71 ||   131
       Skin              |       |     1 |     4 ||     5
Dodge: Dodged            |    72 |   111 |   142 ||   325

Table legend: (Time is in decaauts)
 A = Elapsed time spent in this place.
 B = Non-inter-level travel time spent in this place.
 C = Inter-level travel time spent in this place.
 D = Time resting spent in this place.
 E = Time spent auto-exploring this place.
 F = Levels seen in this place.
 G = Mean time per level.
                   A        B        C        D        E       F      G
               +--------+--------+--------+--------+--------+-----+--------+
         Total |   8381 |   8105 |    276 |   1280 |   5558 |   8 | 1047.6 |
       Dungeon |   8282 |   8017 |    265 |   1280 |   5479 |   7 | 1183.1 |
        Temple |     98 |     87 |     11 |      0 |     79 |   1 |   98.0 |
               +--------+--------+--------+--------+--------+-----+--------+

Top non-repeatable levels by time:
     D:2: 1452 daAuts
     D:6: 1449 daAuts
     D:3: 1351 daAuts
     D:4: 1290 daAuts
     D:1: 1254 daAuts
     D:5: 987 daAuts
     D:7: 496 daAuts
  Temple: 98 daAuts
